[Event "Team 45 45 League T42"]
[Site "Internet Chess Club"]
[Date "2009.07.30"]
[Round "1"]
[White "pedrin"]
[Black "chess9793"]
[Result "0-1"]
[WhiteElo "1081"]
[BlackElo "1879"]
[Opening "Réti opening"]
[ECO "A04"]
[Time "12:49:44"]
[TimeControl "2700+45"]

1. Nf3 c5 2. g3 g6 3. Bg2 Bg7 4. O-O e6 5. Nc3 Ne7 6. d3 d5 7. e4 O-O 8. exd5
exd5 9. Bf4 Nbc6 10. Re1 b6 11. a3 Bb7 12. Qd2 Nf5 13. Re2 Ncd4 14. Nxd4 Nxd4
15. Ree1 Qd7 16. Ne2 Nxe2+ 17. Rxe2 Bxb2 18. Ra2 Bg7 19. Be5 Rfe8 20. Bxg7 Kxg7
21. Rb2 Rxe2 22. Qxe2 Re8 23. Qd2 Qe7 24. Kf1 d4 25. c4 Qe1+ 26. Qxe1 Bxg2+ 27.
Kxg2 Rxe1 28. Kf3 Kf6 29. Re2 Ra1 30. a4 Rxa4 {White resigns} 0-1

[Event "Team 45 45 League T42"]
[Site "Internet Chess Club"]
[Date "2009.08.02"]
[Round "1"]
[White "chess9397"]
[Black "andrew28"]
[Result "1-0"]
[WhiteElo "1860"]
[BlackElo "1687"]
[Opening "Sicilian: closed"]
[ECO "B23"]
[Time "16:00:05"]
[TimeControl "2700+45"]

1. e4 c5 2. Nc3 g6 3. f4 Bg7 4. Nf3 Nc6 5. Bb5 e6 6. Bxc6 bxc6 7. e5 d6 8. Ne4
dxe5 9. fxe5 Nh6 10. Nd6+ Kf8 11. d3 Nf5 12. Nxf5 exf5 13. O-O Be6 14. c3 Rb8
15. Be3 Qe7 16. Qd2 h6 17. b3 Kg8 18. c4 Rd8 19. Qa5 Rxd3 20. Bxc5 Qd7 21. Qxa7
Kh7 22. Qxd7 Rxd7 23. Bd6 Rhd8 24. a4 Rxd6 25. exd6 Bxa1 26. Rxa1 Rxd6 27. a5
Rd7 28. Ne5 Ra7 29. Nxc6 Ra6 30. Nd8 Bc8 31. Nxf7 Re6 32. c5 Rc6 33. Nd6 Rxc5
34. Nxc8 Rxc8 35. a6 Kg7 36. a7 Ra8 37. b4 Kf6 38. b5 Ke5 39. b6 {Black resigns}
1-0

[Event "Team 45 45 League T42"]
[Site "Internet Chess Club"]
[Date "2009.08.02"]
[Round "1"]
[White "mongmong"]
[Black "TIP"]
[Result "0-1"]
[WhiteElo "1606"]
[BlackElo "1685"]
[Opening "Queen's pawn"]
[ECO "A40"]
[Time "18:03:12"]
[TimeControl "2700+45"]

1. d4 e6 2. Nf3 d5 3. e3 c5 4. c3 a6 5. Bd3 Nc6 6. Nbd2 Bd6 7. O-O Nf6 8. dxc5
Bxc5 9. e4 dxe4 10. Nxe4 Nxe4 11. Bxe4 Qc7 12. Qe2 O-O 13. Rd1 b5 14. Be3 Bd6
15. Nd4 Nxd4 16. Bxd4 Rb8 17. h3 Bb7 18. Bxb7 Rxb7 19. Qg4 e5 20. Be3 f5 21. Qe2
e4 22. Bd4 Bc5 23. Bxc5 Qxc5 24. Rd4 Re7 25. Rad1 Rfe8 26. Rd5 Qc8 27. Qe3 Rf7
28. Qf4 Qe6 29. Qd6 f4 30. Qxe6 Rxe6 31. Rd6 Rff6 32. Rxe6 Rxe6 33. Re1 g5 34.
Re2 h6 35. g3 f3 36. Rd2 Kf7 37. Kf1 Kf6 38. Rd4 h5 39. b3 a5 40. c4 b4 41. Rd5
Re5 42. Rd2 Kf5 43. Rc2 Rc5 44. Rd2 g4 45. h4 Ke5 46. Rd8 a4 47. Ke1 axb3 48.
axb3 Ra5 49. Rd1 e3 50. fxe3 Ke4 51. Rd5 Rxd5 52. cxd5 Kxd5 53. Kd2 Ke4 {White
resigns} 0-1

[Event "Team 45 45 League T42"]
[Site "Internet Chess Club"]
[Date "2009.08.02"]
[Round "1"]
[White "Gregorio"]
[Black "Ianjo"]
[Result "0-1"]
[WhiteElo "2034"]
[BlackElo "1911"]
[Opening "English opening"]
[ECO "A20"]
[Time "21:08:34"]
[TimeControl "2700+45"]

1. c4 e5 2. g3 d6 3. Bg2 f5 4. Nc3 Nf6 5. Nf3 c6 6. d4 e4 7. Ng5 h6 8. Nh3 Be6
9. d5 Bf7 10. O-O cxd5 11. cxd5 Nbd7 12. f3 exf3 13. Rxf3 g6 14. e4 fxe4 15. Rf1
Qb6+ 16. Kh1 Bg7 17. Nf4 O-O 18. Ne6 Rfe8 19. Na4 Qa5 20. Bd2 Qxd5 21. Nc7 Qd3
22. Nxa8 Rxa8 23. Bc3 Bc4 24. Qc1 Qd5 25. Rd1 Bd3 26. Bxf6 Nxf6 27. Nc3 Qh5 28.
h3 d5 29. Qf4 Rf8 30. g4 Qh4 31. Qe5 Kh7 32. Qe6 Re8 33. Qf7 Nxg4 34. Qxe8 Qg3
35. hxg4 Qh4+ {White resigns} 0-1

[Event "Team 45 45 League T42"]
[Site "Internet Chess Club"]
[Date "2009.08.02"]
[Round "1"]
[White "PrincessChess"]
[Black "PublisherKing"]
[Result "1/2-1/2"]
[WhiteElo "1738"]
[BlackElo "1851"]
[Opening "Caro-Kann defense"]
[ECO "B12"]
[Time "12:00:53"]
[TimeControl "2700+45"]

1. e4 c6 2. d4 d6 3. Nc3 Qc7 4. Nf3 Bg4 5. Be2 Nd7 6. Be3 Ngf6 7. Qd2 e5 8. h3
Bxf3 9. Bxf3 exd4 10. Qxd4 a6 11. O-O Ne5 12. Be2 c5 13. Qd2 Be7 14. Nd5 Nxd5
15. Qxd5 O-O 16. Rad1 b5 17. f4 Nd7 18. Qh5 Nf6 19. Qf3 Qc6 20. e5 Ne4 21. exd6
Bxd6 22. f5 Rac8 23. Bf4 Bxf4 24. Qxf4 c4 25. Bf3 Qc5+ 26. Kh2 Nf6 27. Qd6 Qe3
28. Qd4 Qg5 29. Bb7 Rcd8 30. Qf2 a5 31. Bc6 b4 32. Qg3 Qxg3+ 33. Kxg3 Rc8 34.
Rd6 Rfd8 35. Rfd1 Rxd6 36. Rxd6 Kf8 37. Bf3 c3 38. b3 Ke7 39. Rc6 Rxc6 40. Bxc6
Kd6 41. Bb7 Ke5 42. Bc8 Ne4+ 43. Kg4 h6 44. g3 g6 45. fxg6 fxg6 46. Kf3 Ng5+ 47.
Ke3 Nf7 48. Bb7 Nd6 49. Ba6 Nf5+ 50. Kf2 g5 51. Bd3 Nd4 52. Ke3 Ne6 53. Be4 Nc5
54. Bf3 Ne6 55. Be4 Nc5 56. Bf3 {Game drawn by mutual agreement} 1/2-1/2

[Event "Team 45 45 League T42"]
[Site "Internet Chess Club"]
[Date "2009.08.02"]
[Round "1"]
[White "b-spot"]
[Black "LuxAeterna"]
[Result "0-1"]
[WhiteElo "1672"]
[BlackElo "1804"]
[Opening "QGD semi-Slav: Stoltz variation"]
[ECO "D45"]
[Time "11:02:38"]
[TimeControl "2700+45"]

1. d4 c6 2. c4 d5 3. Nf3 Nf6 4. Nc3 Nbd7 5. e3 e6 6. Qc2 Be7 7. g4 Nxg4 8. Rg1
Ngf6 9. Rxg7 h6 10. Ne5 Nxe5 11. dxe5 Nd7 12. cxd5 cxd5 13. Bb5 a6 14. Bxd7+
Bxd7 15. Qe2 h5 16. Qf3 f5 17. Qg3 Bc6 18. e4 Kd7 19. Bg5 Rg8 20. Bxe7 Rxg7 21.
Bxd8 Rxg3 22. hxg3 Rxd8 23. exf5 exf5 24. f4 d4 25. Ne2 d3 26. Rd1 Ke6 27. Nc3
b5 28. Kf2 b4 29. Nb1 a5 30. Ke3 Bb5 31. Nd2 Rc8 32. Nb3 Ba6 33. Nd4+ Kd5 34.
Nxf5 Rc2 35. Rd2 a4 36. Ng7 Kc4 37. e6 a3 38. b3+ Kc3 39. Rxd3+ Bxd3 40. e7 Bb5
41. e8=Q Bxe8 42. Nxe8 Rxa2 43. f5 Ra1 {White resigns} 0-1

[Event "Team 45 45 League T42"]
[Site "Internet Chess Club"]
[Date "2009.08.02"]
[Round "1"]
[White "raimundo"]
[Black "Frankly"]
[Result "1-0"]
[WhiteElo "1730"]
[BlackElo "1649"]
[Opening "Queen's pawn game, Darooha variation "]
[ECO "D11"]
[Time "14:00:26"]
[TimeControl "2700+45"]

1. d4 Nf6 2. Nf3 d5 3. c4 c6 4. g3 dxc4 5. Bg2 b5 6. Ne5 Bb7 7. a4 b4 8. Nxc4 e6
9. O-O Be7 10. Bf4 O-O 11. e4 c5 12. e5 Nd5 13. Qg4 h5 14. Qd1 Bc6 15. dxc5 Nxf4
16. gxf4 Qxd1 17. Rxd1 Bxc5 18. Nbd2 Bxg2 19. Kxg2 Nc6 20. Ne4 Bd4 21. Rab1 Rfd8
22. Ncd6 Rd7 23. Rbc1 Bxe5 24. Rxc6 Bxf4 25. Nc5 Rdd8 26. Rd3 a5 27. Nc4 Rdb8
28. b3 Ra7 29. Rd7 Rxd7 30. Nxd7 Rd8 31. Nde5 f6 32. Ng6 Bh6 33. Ne7+ Kf7 34.
Nc8 Rd3 35. Nxa5 Rd5 36. Nc4 Bf4 37. a5 e5 38. a6 e4 39. a7 e3 40. Nxe3 Bxe3 41.
fxe3 Rd2+ 42. Kf3 Ra2 43. Nd6+ Ke7 44. Nb5 Kd7 45. Rc7+ Kd8 46. Rxg7 {Black
resigns} 1-0

[Event "Team 45 45 League T42"]
[Site "Internet Chess Club"]
[Date "2009.08.03"]
[Round "1"]
[White "AntonioMendonca"]
[Black "ILRE"]
[Result "1-0"]
[WhiteElo "1736"]
[BlackElo "1658"]
[Opening "Pirc: classical (two knights) system"]
[ECO "B08"]
[Time "20:22:36"]
[TimeControl "2700+45"]

1. e4 d6 2. d4 Nf6 3. Nc3 g6 4. Nf3 Bg7 5. Bc4 c6 6. O-O O-O 7. Be3 b5 8. Bd3 b4
9. Ne2 Bg4 10. Nd2 a5 11. a3 Na6 12. Bxa6 Rxa6 13. axb4 Qc7 14. Nc4 Bxe2 15.
Qxe2 Nxe4 16. Nxd6 Qxd6 17. Qxa6 axb4 18. Qd3 Nf6 19. Ra6 Ng4 20. g3 Qd5 21. c4
bxc3 22. Qxc3 Rc8 23. Rc1 Qh5 24. h4 Nf6 25. Rxc6 Rf8 26. Qd3 Qg4 27. Qd1 Qh3
28. Qf1 Qg4 29. b4 Nd5 30. Qe1 f5 31. Bg5 f4 32. Qe6+ Qxe6 33. Rxe6 fxg3 34.
fxg3 Bxd4+ 35. Kh2 Rf2+ 36. Kh3 Kf7 37. Rce1 h5 38. Bxe7 Rf3 39. Bg5 Bf2 40.
R1e2 Bxg3 41. Kg2 Rd3 42. R2e4 Rb3 43. b5 Rc3 44. b6 Bf4 45. Rf6+ Nxf6 46. Rxf4
Rc2+ 47. Kf3 Rc3+ 48. Ke2 Ke6 49. Rxf6+ Kd7 50. b7 Rb3 51. Rxg6 Rb2+ 52. Kf3 Kc7
53. Rg7+ Kb8 54. Bf4+ Ka7 55. b8=Q+ {Black resigns} 1-0

[Event "Team 45 45 League T42"]
[Site "Internet Chess Club"]
[Date "2009.08.01"]
[Round "1"]
[White "Warpdrive"]
[Black "Victorianum"]
[Result "1/2-1/2"]
[WhiteElo "1644"]
[BlackElo "1743"]
[Opening "Ruy Lopez: closed, Chigorin, 12...c5d4"]
[ECO "C99"]
[Time "15:00:44"]
[TimeControl "2700+45"]

1. e4 e5 2. Nf3 Nc6 3. Bb5 a6 4. Ba4 Nf6 5. O-O Be7 6. Re1 b5 7. Bb3 d6 8. c3
O-O 9. h3 Na5 10. Bc2 c5 11. d4 Qc7 12. Nbd2 cxd4 13. cxd4 Nc6 14. dxe5 dxe5 15.
a3 Bb7 16. Nf1 Rad8 17. Qe2 Nd4 18. Nxd4 Rxd4 19. f3 Bc5 20. Be3 Rd6 21. Rad1
Bxe3+ 22. Nxe3 Rfd8 23. Rxd6 Rxd6 24. Rd1 Bc8 25. Rxd6 Qxd6 26. Qd3 Qxd3 27.
Bxd3 {Game drawn by mutual agreement} 1/2-1/2

[Event "Team 45 45 League T42"]
[Site "Internet Chess Club"]
[Date "2009.08.03"]
[Round "1"]
[White "rayngrant"]
[Black "blizzard13"]
[Result "1-0"]
[WhiteElo "1584"]
[BlackElo "1390"]
[Opening "two knights defense: Fegatello attack"]
[ECO "C57"]
[Time "23:04:18"]
[TimeControl "2700+45"]

1. e4 e5 2. Nf3 Nc6 3. Bc4 Nf6 4. Ng5 d5 5. exd5 Nxd5 6. Nxf7 Kxf7 7. Qf3+ Ke6
8. Nc3 Nb4 9. O-O c6 10. Qe4 Qf6 11. d4 Bd6 12. Re1 Nxc2 13. Qxc2 Kd7 14. Nxd5
cxd5 15. Bxd5 Re8 16. Qa4+ Kd8 17. dxe5 Rxe5 18. Rxe5 Qxe5 19. Qe4 Qxh2+ 20. Kf1
h6 21. Bxb7 Bxb7 22. Qxb7 Rc8 23. g3 Qh3+ 24. Kg1 Rc7 25. Qb3 Qg4 26. Be3 h5 27.
Qg8+ Kd7 28. Qf7+ Kc8 29. Qe8+ Kb7 30. Qb5+ Kc8 31. Qa6+ Kd7 32. Qb5+ Kc8 33.
Qa6+ Kd7 34. Bxa7 h4 35. Bb8 hxg3 36. Qb5+ Kc8 37. Bxc7 gxf2+ 38. Kxf2 Qg3+ 39.
Ke2 Bxc7 40. Qe8+ Kb7 41. Qe4+ Kc8 42. Qa8+ Kd7 43. Rd1+ Ke7 44. Qe4+ Be5 45.
Qb4+ Kf6 46. Rf1+ Kg6 47. Qe4+ Kh6 48. Rh1+ Kg5 49. Qe3+ Bf4 50. Qxg3+ Bxg3 51.
Rg1 Kh4 52. Kf3 Be5 53. b3 Bc3 54. Ke4 g5 55. Kf5 Bd2 56. Rg4+ Kh3 57. Rxg5 Bb4
58. a4 Kh2 59. Ke4 Kh3 60. a5 Kh4 61. Rf5 Kg4 62. a6 {Black resigns} 1-0

[Event "Team 45 45 League T42"]
[Site "Internet Chess Club"]
[Date "2009.08.01"]
[Round "1"]
[White "GabGag"]
[Black "fileman"]
[Result "1-0"]
[WhiteElo "1938"]
[BlackElo "1891"]
[Opening "KP: Nimzovich defense"]
[ECO "B00"]
[Time "13:09:08"]
[TimeControl "2700+45"]

1. e4 Nc6 2. Nf3 d6 3. g3 Nf6 4. d3 h6 5. Bg2 e5 6. O-O Be7 7. Nbd2 O-O 8. a4
Bg4 9. h3 Bh5 10. c3 d5 11. Re1 dxe4 12. dxe4 Qd7 13. b4 a6 14. Qb3 Rfe8 15. Nh4
Kh7 16. Nf5 Bg6 17. g4 Qd3 18. Bf1 Qd7 19. Bc4 Bf8 20. Nf1 h5 21. f3 Bxf5 22.
exf5 hxg4 23. hxg4 Re7 24. Ra2 e4 25. Rh2+ Kg8 26. g5 Qxf5 27. gxf6 Qxf6 28.
fxe4 Re5 29. Ree2 Na5 30. bxa5 Bc5+ 31. Be3 Rg5+ 32. Reg2 Rxg2+ 33. Rxg2 Bxe3+
34. Nxe3 Rd8 35. Nf5 Rd2 36. Bxf7+ {Black resigns} 1-0

[Event "Team 45 45 League T42"]
[Site "Internet Chess Club"]
[Date "2009.08.02"]
[Round "1"]
[White "LoseOften"]
[Black "rubo"]
[Result "1-0"]
[WhiteElo "1862"]
[BlackElo "1686"]
[Opening "Ruy Lopez: closed, Chigorin, 12...c5d4"]
[ECO "C99"]
[Time "15:00:22"]
[TimeControl "2700+45"]

1. e4 e5 2. Nf3 Nc6 3. Bb5 a6 4. Ba4 Nf6 5. O-O Be7 6. Re1 b5 7. Bb3 O-O 8. c3
d6 9. h3 Na5 10. Bc2 c5 11. d4 Qc7 12. Nbd2 cxd4 13. cxd4 Nc6 14. Nf1 Bb7 15. d5
Nb8 16. Be3 Nbd7 17. Ng3 g6 18. Nh2 Rfc8 19. Rc1 Qd8 20. f4 Rc7 21. fxe5 Nxe5
22. Bb6 Rac8 23. Bxc7 Qxc7 24. Nf3 Nfd7 25. Re3 Qc5 26. Nd4 Bg5 27. Rc3 Nc4 28.
Ne2 Bxc1 29. Qxc1 b4 30. Rf3 Nde5 31. Rf6 Kg7 32. Qf4 Nxb2 33. Kh2 a5 34. Rxf7+
Nxf7 35. Ne6+ Kg8 36. Nxc5 Rxc5 37. Nd4 Bc8 38. Qf6 Nc4 39. Ne6 Bxe6 40. dxe6
Nfe5 41. Qd8+ Kg7 42. e7 Nf7 43. Qf8+ {Black resigns} 1-0

[Event "Team 45 45 League T42"]
[Site "Internet Chess Club"]
[Date "2009.08.02"]
[Round "1"]
[White "Beancounter"]
[Black "nas3"]
[Result "0-1"]
[WhiteElo "1679"]
[BlackElo "1757"]
[Opening "Sicilian: Najdorf, Lipnitzky attack"]
[ECO "B86"]
[Time "16:00:17"]
[TimeControl "2700+45"]

1. e4 c5 2. Nf3 d6 3. d4 cxd4 4. Nxd4 Nf6 5. Nc3 a6 6. Bc4 e6 7. Bb3 Be7 8. O-O
O-O 9. Qf3 Qc7 10. Qg3 Kh8 11. Re1 Nc6 12. Nxc6 Qxc6 13. Bg5 b5 14. a3 Bb7 15.
Rad1 Rad8 16. f3 Nh5 17. Qh4 Bxg5 18. Qxg5 Nf6 19. Kh1 h6 20. Qe3 Rd7 21. Ne2
Ba8 22. Nd4 Qb7 23. c3 Rfd8 24. Bc2 Kg8 25. Kg1 Re8 26. Rd2 Red8 27. Red1 Qa7
28. Qd3 e5 29. Kf1 exd4 30. cxd4 Qc7 31. g4 Qc4 32. h4 Qxd3+ 33. Bxd3 g5 34.
hxg5 hxg5 35. e5 dxe5 36. dxe5 Nd5 37. Kf2 Kf8 38. Bf5 Re7 39. Re1 Rde8 40. Rde2
Nf4 41. Re3 Ng6 42. e6 Bd5 43. exf7 Bxf7 44. b4 Rxe3 45. Rxe3 Rxe3 46. Kxe3 Ne7
47. Bc2 Ke8 48. a4 Nd5+ 49. Ke4 Nxb4 50. Bd1 Bg6+ 51. Ke5 Ke7 52. axb5 axb5 53.
Be2 Bd3 54. Bd1 Nc6+ 55. Kd5 Kd7 56. Kc5 Bc4 57. Bc2 Ne5 58. Be4 Be2 59. f4 gxf4
60. g5 f3 {White resigns} 0-1

[Event "Team 45 45 League T42"]
[Site "Internet Chess Club"]
[Date "2009.08.02"]
[Round "1"]
[White "Knight77"]
[Black "Ickabod"]
[Result "1-0"]
[WhiteElo "1918"]
[BlackElo "1733"]
[Opening "Réti opening"]
[ECO "A04"]
[Time "16:05:54"]
[TimeControl "2700+45"]

1. Nf3 d6 2. g3 Nf6 3. Bg2 e5 4. d3 g6 5. Nbd2 Bg7 6. O-O O-O 7. e4 c6 8. Re1
Qc7 9. h3 Bd7 10. Nf1 Na6 11. Be3 b6 12. Qd2 Nc5 13. Bh6 Ne6 14. g4 Kh8 15. Ng3
Ng8 16. Bxg7+ Kxg7 17. c3 Nf4 18. Bf1 Nh6 19. d4 Rad8 20. Red1 Bxg4 21. hxg4
Nxg4 22. Ne2 g5 23. Nxg5 Qe7 24. Nxf4 exf4 25. Qxf4 Nh6 26. Rd3 f6 27. Ne6+ Qxe6
28. Rg3+ Kh8 29. Qxh6 Rg8 30. Bc4 Rxg3+ 31. fxg3 d5 32. exd5 cxd5 33. Bd3 Rd7
34. Rf1 Rf7 35. Bg6 Rg7 36. Bf5 Qd6 37. g4 Kg8 38. Qf4 Qxf4 39. Rxf4 Kf7 40. Bc2
h5 41. Kf2 hxg4 42. Kg3 Ke7 43. Rxg4 Rxg4+ 44. Kxg4 Kd6 45. Kf5 a5 46. Kxf6 b5
47. a3 a4 48. b3 axb3 49. Bxb3 Kc6 50. Ke6 Kb6 51. Kxd5 Ka5 52. Kc5 {Black
resigns} 1-0

[Event "Team 45 45 League T42"]
[Site "Internet Chess Club"]
[Date "2009.07.31"]
[Round "1"]
[White "j65536d"]
[Black "CHESSISTA1"]
[Result "0-1"]
[WhiteElo "1877"]
[BlackElo "1683"]
[Opening "Caro-Kann: anti-anti-Caro-Kann defense"]
[ECO "B10"]
[Time "12:01:57"]
[TimeControl "2700+45"]

1. e4 c6 2. c4 d5 3. cxd5 cxd5 4. exd5 Nf6 5. Nc3 Nxd5 6. Bc4 Nb6 7. Bb3 Nc6 8.
Nf3 Bf5 9. d4 e6 10. O-O Be7 11. Be3 O-O 12. Re1 Bf6 13. Qd2 Nb4 14. a3 N4d5 15.
h3 Rc8 16. Rac1 Nxc3 17. bxc3 Qd6 18. Qa2 Nd5 19. c4 Nxe3 20. fxe3 b6 21. Ba4
Rfd8 22. Red1 Qg3 23. Qf2 Qd6 24. Qa2 Qg3 25. Re1 Bxh3 26. Qf2 Qxf2+ 27. Kxf2
Bf5 28. Bb5 Be4 29. Ba6 Rc7 30. Nd2 Bd3 31. Rc3 Bg6 32. a4 e5 33. d5 Rxd5 34.
cxd5 Rxc3 35. g3 Be7 36. Nc4 Bd3 37. Nxe5 Bxa6 38. Nc6 Bc5 39. Nxa7 Rd3 40. Nc6
Rxd5 41. Rc1 g6 {White resigns} 0-1

[Event "Team 45 45 League T42"]
[Site "Internet Chess Club"]
[Date "2009.08.01"]
[Round "1"]
[White "Kravier"]
[Black "tightfist"]
[Result "1-0"]
[WhiteElo "1672"]
[BlackElo "1632"]
[Opening "Dutch"]
[ECO "A80"]
[Time "23:00:49"]
[TimeControl "2700+45"]

1. d4 f5 2. Bf4 Nf6 3. e3 e6 4. Nf3 d6 5. Nbd2 a6 6. c4 Nbd7 7. Be2 Nb6 8. Rc1
Be7 9. c5 dxc5 10. dxc5 Nbd5 11. Ne5 Nxf4 12. exf4 O-O 13. c6 Bb4 14. a3 Bxd2+
15. Qxd2 Qxd2+ 16. Kxd2 Rd8+ 17. Bd3 b5 18. Ke2 Rd4 19. Ke3 Rd6 20. Rhd1 Nd5+
21. Kf3 Rb8 22. Rc5 Rb6 23. a4 bxa4 24. Nc4 Rbxc6 25. Nxd6 Rxd6 26. Bc4 Bb7 27.
Bxd5 Bxd5+ 28. Kg3 Rb6 29. Rxc7 Rxb2 30. Ra7 Rb3+ 31. f3 Rb6 32. Rc1 Rc6 33.
Rxc6 Bxc6 34. Rxa6 Bd5 35. Rxa4 Kf7 36. Kf2 Kg6 37. g4 h6 38. h4 Kf7 39. Ke3 Kf6
40. Ra7 fxg4 41. fxg4 Kg6 42. Rd7 Bb3 43. Rd3 Bd5 44. Kd4 Kf6 45. h5 Ba2 46. Ra3
Bb1 47. Ra8 Bc2 48. Rf8+ Ke7 49. Rc8 Bb1 50. g5 Bf5 51. Rg8 Kf7 52. Rh8 hxg5 53.
fxg5 Bg4 54. Ke5 Bf5 55. g6+ Ke7 56. Rg8 Bc2 57. Rxg7+ Kf8 58. Kf6 e5 59. Rc7
Bd1 60. Rc8# {Black checkmated} 1-0

[Event "Team 45 45 League T42"]
[Site "Internet Chess Club"]
[Date "2009.08.02"]
[Round "1"]
[White "clarinetref"]
[Black "cocou"]
[Result "1/2-1/2"]
[WhiteElo "1710"]
[BlackElo "1588"]
[Opening "Réti opening"]
[ECO "A05"]
[Time "21:07:40"]
[TimeControl "2700+45"]

1. Nf3 Nf6 2. g3 d5 3. d3 Nc6 4. Bg2 e5 5. Nbd2 Bd6 6. O-O O-O 7. e4 dxe4 8.
dxe4 Bg4 9. h3 Bh5 10. c3 h6 11. Re1 Bg6 12. a4 Re8 13. b4 a6 14. Bb2 b5 15. a5
Na7 16. Nh4 Bh7 17. Nf5 Bf8 18. Qc2 c5 19. bxc5 Bxc5 20. Nb3 Bf8 21. Rad1 Qc7
22. Bc1 Rac8 23. Bd2 Bb4 24. Rc1 Bxa5 25. Nxa5 Qxa5 26. Nd6 Qc7 27. Nxe8 Nxe8
28. Qa2 Qc6 29. Be3 Rc7 30. f4 Nc8 31. fxe5 Kh8 32. Kh2 Bg8 33. Qf2 f6 34. Bf4
Qc5 35. Qxc5 Rxc5 36. exf6 Nxf6 37. e5 Nd5 38. Bxd5 Rxd5 39. Ra1 g5 40. Be3 Kh7
41. Bd4 Ne7 42. Rxa6 Nf5 43. Re4 Rd7 44. Rf6 Ne7 45. Rb6 Bc4 46. e6 Ra7 47. Bf2
Ra2 48. Kg1 Ra1+ 49. Re1 Rxe1+ 50. Bxe1 Kg6 51. Bf2 Kf5 52. Bc5 Kf6 53. Bd4+ Kf5
54. Rb7 Kxe6 55. Rb6+ Kd5 56. Kf2 Nf5 57. Bh8 h5 58. Rg6 h4 59. g4 Ng3 60. Rxg5+
Ke6 61. Re5+ Kf7 62. Re3 Kf8 63. Bf6 Nf1 64. Rf3 Nd2 65. Rf5 Kg8 66. Bxh4 Ne4+
67. Ke3 Nxc3 68. Kd2 Ne4+ 69. Kc1 Nd6 70. Rf6 Ne4 71. Rb6 Bf1 72. g5 Bxh3 73.
Rxb5 Kg7 74. Re5 Nd6 75. Re7+ Kg6 76. Kd2 Nf5 77. Re6+ Kh5 78. Bf2 Kxg5 79. Re8
Kg6 80. Rh8 Bf1 81. Rg8+ Kf6 82. Rg1 Bc4 83. Kc3 Be2 84. Be1 Bh5 85. Kc4 Be2+
86. Kc5 Ke5 87. Bc3+ Kf4 88. Bd2+ Ke4 89. Re1 Kd3 90. Bg5 Nd4 91. Rg1 Nf3 92.
Rg3 Ke4 93. Bf6 Kf4 94. Rg2 Bd3 {Game drawn by mutual agreement} 1/2-1/2

[Event "Team 45 45 League T42"]
[Site "Internet Chess Club"]
[Date "2009.08.01"]
[Round "1"]
[White "Wheels"]
[Black "chsrules88"]
[Result "0-1"]
[WhiteElo "2000"]
[BlackElo "2056"]
[Opening "Ruy Lopez: Schliemann defense, Berger variation"]
[ECO "C63"]
[Time "13:00:21"]
[TimeControl "2700+45"]

1. e4 e5 2. Nf3 Nc6 3. Bb5 f5 4. Nc3 fxe4 5. Nxe4 Nf6 6. Qe2 d6 7. d4 Bg4 8.
Nxf6+ Qxf6 9. d5 a6 10. dxc6 axb5 11. cxb7 Rb8 12. Qxb5+ Bd7 13. Qa6 Qg6 14. O-O
Be7 15. Be3 Qe4 16. Nd2 Qxb7 17. Qxb7 Rxb7 18. b3 d5 19. f4 e4 20. Bd4 O-O 21.
c4 Bb4 22. Nb1 c5 23. Bc3 d4 24. Bxb4 Rxb4 25. Na3 e3 26. Nc2 Rb6 27. b4 e2 28.
Rf3 Bg4 29. Rd3 Rxf4 30. h3 Bf5 31. Rd2 Bxc2 32. Rxc2 Re6 33. Re1 d3 34. Rd2
Ref6 {White resigns} 0-1

[Event "Team 45 45 League T42"]
[Site "Internet Chess Club"]
[Date "2009.08.02"]
[Round "1"]
[White "cognito"]
[Black "mfeatherston"]
[Result "0-1"]
[WhiteElo "1684"]
[BlackElo "1889"]
[Opening "Queen's pawn: Yusupov-Rubinstein system"]
[ECO "A46"]
[Time "14:00:56"]
[TimeControl "2700+45"]

1. d4 Nf6 2. Nf3 e6 3. e3 Be7 4. Bd3 d6 5. O-O O-O 6. e4 Nbd7 7. e5 Nd5 8. Be4
dxe5 9. dxe5 Nc5 10. Qe2 Nxe4 11. Qxe4 f5 12. exf6 Nxf6 13. Qe2 Qe8 14. Ne5 Bd6
15. b3 Nd5 16. Bb2 Nf4 17. Qg4 Rf5 18. Re1 Qe7 19. Nd2 h5 20. Qd1 Qg5 21. g3
Nh3+ 22. Kg2 Rxf2+ 23. Kxh3 Qf5+ 24. g4 hxg4+ 25. Kg3 Qf4+ {White resigns} 0-1

[Event "Team 45 45 League T42"]
[Site "Internet Chess Club"]
[Date "2009.07.31"]
[Round "1"]
[White "Philly-Boy"]
[Black "RingLord"]
[Result "1-0"]
[WhiteElo "1815"]
[BlackElo "1683"]
[Opening "Bogo-Indian defense, Nimzovich variation"]
[ECO "E11"]
[Time "17:00:47"]
[TimeControl "2700+45"]

1. d4 Nf6 2. c4 e6 3. Nf3 Bb4+ 4. Bd2 Qe7 5. g3 Nc6 6. a3 Bxd2+ 7. Qxd2 Ne4 8.
Qc2 Nf6 9. Bg2 d6 10. O-O a5 11. Nc3 O-O 12. e4 e5 13. dxe5 dxe5 14. Nd5 Nxd5
15. exd5 Na7 16. Rfe1 f6 17. Rad1 Bg4 18. Rd2 Rad8 19. Qe4 Bc8 20. Qe3 b6 21.
Red1 Bg4 22. h3 Bh5 23. g4 Bf7 24. Nd4 Qc5 25. Ne6 Qxe3 26. fxe3 Bxe6 27. dxe6
Rxd2 28. Rxd2 Nc8 29. Rd7 Re8 30. Bd5 Ne7 31. Rxc7 Kf8 32. Rb7 Rd8 33. e4 g6 34.
Kf2 f5 35. gxf5 gxf5 36. exf5 Rd6 37. Rd7 Nc8 38. Rxh7 Ne7 39. f6 Ng6 40. Rc7
{Black resigns} 1-0

[Event "Team 45 45 League T42"]
[Site "Internet Chess Club"]
[Date "2009.08.01"]
[Round "1"]
[White "Bookkeeper"]
[Black "BrerRabbit"]
[Result "1-0"]
[WhiteElo "1584"]
[BlackElo "1542"]
[Opening "Pirc: classical (two knights) system"]
[ECO "B08"]
[Time "15:03:10"]
[TimeControl "2700+45"]

1. e4 d6 2. d4 Nf6 3. Nc3 g6 4. Nf3 Bg7 5. Be3 a6 6. Be2 b5 7. a3 O-O 8. O-O Bb7
9. Bd3 Nbd7 10. Qd2 Rc8 11. h3 c5 12. d5 Re8 13. Bh6 e6 14. dxe6 Rxe6 15. Bxg7
Kxg7 16. Ng5 Re7 17. Qf4 Ne5 18. Rad1 Qc7 19. Rfe1 Rce8 20. Qd2 h6 21. Nf3 Nxd3
22. cxd3 Nd7 23. b3 Ne5 24. Nh2 Qb6 25. Nf1 b4 26. axb4 cxb4 27. Na4 Qd4 28. Ne3
a5 29. Kh2 Rc7 30. f4 Nd7 31. Qf2 Qf6 32. Ng4 Qd8 33. f5 Rf8 34. Qf4 Qg5 35.
Qxd6 Rc2 36. Qxd7 Qf4+ 37. Kg1 Qg3 38. Ne3 Rfc8 39. Nxc2 Rxc2 40. f6+ Kg8 41.
Qe8+ Kh7 42. Qxf7+ Kh8 43. Qg7# {Black checkmated} 1-0

[Event "Team 45 45 League T42"]
[Site "Internet Chess Club"]
[Date "2009.07.31"]
[Round "1"]
[White "SneakyRed"]
[Black "koni"]
[Result "1/2-1/2"]
[WhiteElo "1905"]
[BlackElo "1972"]
[Opening "Pirc defense"]
[ECO "B07"]
[Time "11:02:21"]
[TimeControl "2700+45"]

1. e4 d6 2. d4 Nf6 3. Nd2 e5 4. Ngf3 Nbd7 5. c3 g6 6. Bd3 Bg7 7. O-O O-O 8. Re1
c6 9. a4 Qc7 10. Bf1 b6 11. b3 Bb7 12. Ba3 Rfe8 13. Qc2 Rad8 14. Rad1 d5 15.
dxe5 Nxe5 16. exd5 Nxd5 17. c4 Nf4 18. Nxe5 Bxe5 19. Nf3 c5 20. Rxd8 Qxd8 21.
Rxe5 Rxe5 22. Nxe5 Qg5 23. g3 Qxe5 24. gxf4 Qxf4 25. Qd3 Qg4+ 26. Qg3 Qe4 27.
Qg2 Qe7 28. Qg4 h5 29. Qf4 g5 30. Qe3 Qd8 31. Bc1 f6 32. Bd2 Qd7 33. h3 Qc6 34.
f3 Qxf3 35. Qxf3 Bxf3 36. b4 cxb4 37. Bxb4 Bc6 38. a5 bxa5 39. Bxa5 Kf7 40. Kf2
Ke6 41. Ke3 f5 42. Kd4 h4 43. Bd8 g4 44. Bxh4 a5 45. Be1 a4 46. c5 a3 47. hxg4
fxg4 48. Bc4+ Kf5 49. Bg3 Bb5 50. Bg8 Bc6 51. Kc3 Ke4 52. Kb3 Kf3 53. Bd6 g3 54.
Bxg3 Kxg3 55. Kxa3 Kf4 56. Kb4 Ke5 57. Ka5 Kd4 58. Kb6 Bf3 59. Be6 Be4 60. Bd7
Kc3 61. Bc6 Bc2 62. Bb7 Ba4 63. Ba6 Kb4 64. Be2 Bd7 65. Bh5 Ba4 66. Bf3 Bd7 67.
Bc6 Bg4 68. Be4 Bd7 69. Bd5 Ba4 70. Bc6 Bc2 71. Ba8 Ba4 72. Bb7 Bd7 73. Bc6 Bg4
74. Bd5 Bd7 75. Bf7 Ba4 76. Be6 Be8 77. Bd5 Ba4 78. Be4 Bd7 79. Bc6 {Game drawn
by repetition} 1/2-1/2

[Event "Team 45 45 League T42"]
[Site "Internet Chess Club"]
[Date "2009.08.01"]
[Round "1"]
[White "IceBox"]
[Black "Giacometti"]
[Result "1-0"]
[WhiteElo "1771"]
[BlackElo "1810"]
[Opening "Dutch: Staunton gambit, Tartakower variation"]
[ECO "A82"]
[Time "09:00:28"]
[TimeControl "2700+45"]

1. d4 f5 2. e4 fxe4 3. Nc3 Nf6 4. g4 h6 5. f3 exf3 6. Bd3 f2+ 7. Kxf2 d6 8. Bg6+
Kd7 9. Nf3 Nxg4+ 10. Kg3 Nf6 11. Ne5+ Ke6 12. Bf7+ {Black resigns} 1-0